 Dungeon Crawl Stone Soup version 0.30.1-4-g462c640d31 (webtiles) character file.

Game seed: 13682231329025667670

7731 Wiggles the Cleaver (level 11, -7/99 HPs)
             Began as a Minotaur Berserker on Sept 15, 2023.
             Was an Elder of Trog.
             Mangled by an orc warrior
             ... wielding a +2 scimitar of electrocution
              (15 damage)
             ... on level 9 of the Dungeon.
             The game lasted 00:14:28 (8698 turns).

Wiggles the Cleaver (Minotaur Berserker)            Turns: 8698, Time: 00:14:28

Health: -7/99      AC: 21    Str: 28    XL:     11   Next: 0%
Magic:  10/10      EV: 10    Int:  4    God:    Trog [****..]
Gold:   558        SH:  0    Dex: 17    Spells: 10/10 levels left

rFire   . . .        w - +0 war axe (heavy)
rCold   . . .        (no shield)
rNeg    + . .        H - +0 plate armour
rPois   .            h - +1 hat
rElec   .            l - +1 cloak of the Land of Plenty {rN+ Will+}
rCorr   .            D - +0 pair of gloves
SInv    +            j - +0 pair of boots
Will    +....        (no amulet) Stlth
                     u - ring of Reimbursement {Str+3 Dex+6}
HPRegen 0.36/turn    z - ring of see invisible
MPRegen 0.12/turn

%: no passive effects
@: on berserk cooldown, slowed, very slow
A: horns 2, retaliatory headbutt
a: Renounce Religion, Berserk, Trog's Hand, Brothers in Arms


You were on level 9 of the Dungeon.
You worshipped Trog.
Trog was greatly pleased with you.
You visited 1 branch of the dungeon, and saw 9 of its levels.

You collected 607 gold pieces.
You spent 49 gold pieces at shops.

Inventory:

Hand Weapons
 w - a +0 heavy war axe (weapon)
 E - a +1 war axe
Armour
 h - a +1 hat (worn)
 j - a +0 pair of boots (worn)
 l - the +1 cloak of the Land of Plenty (worn) {rN+ Will+}
   (You found it on level 8 of the Dungeon)

   rN:        It protects you from negative energy.
   Will:      It increases your willpower.
 D - a +0 pair of gloves (worn)
 H - a +0 plate armour (worn)
Jewellery
 u - the ring of Reimbursement (left hand) {Str+3 Dex+6}
   (You found it on level 3 of the Dungeon)

   [ring of dexterity]

   Str:       It affects your strength (+3).
   Dex:       It affects your dexterity (+6).
 z - a ring of see invisible (right hand)
Wands
 b - a wand of digging (5)
 f - a wand of charming (8)
 k - a wand of polymorph (7)
 r - a wand of roots (2)
 v - a wand of mindburst (14)
 G - a wand of flame (16)
Scrolls
 a - 3 scrolls of magic mapping
 d - 4 scrolls of enchant weapon
 e - 4 scrolls of teleportation
 o - 3 scrolls of identify
 x - a scroll of fear
 y - a scroll of brand weapon {unknown}
Potions
 c - a potion of might
 g - 2 potions of lignification
 i - a potion of heal wounds
 m - a potion of mutation {unknown}
 n - a potion of invisibility {unknown}
 p - a potion of flight {unknown}
 q - 2 potions of ambrosia
 s - a potion of resistance {unknown}
 t - a potion of curing
 C - 2 potions of cancellation
 F - a potion of magic {unknown}


   Skills:
 + Level 9.7 Fighting
 + Level 13.4 Axes
 + Level 11.2 Armour
 + Level 5.6 Dodging
 + Level 2.0 Stealth


You had 10 spell levels left.
You didn't know any spells.
Your spell library was empty.

Dungeon Overview and Level Annotations

Branches:
Dungeon (9/15)             Temple (0/1) D:6            Lair (0/5) D:8
    Orc: D:9-12

Altars:
Cheibriados
Gozag
Kikubaaqudgha
Makhleb
Okawaru
Qazlal
Uskayaw
Yredelemnul

Shops:
D:4 =   D:5 [   D:6 :   D:7 *


Innate Abilities, Weirdness & Mutations

You have a pair of horns on your head.
You reflexively headbutt those who attack you in melee.


Message History

The orc warrior hits you with a +2 scimitar of electrocution.
You are electrocuted!
The orc hits you but does no damage.
The orc warrior hits you with a +0 dire flail!
The orc warrior hits you with a +2 scimitar of electrocution!
* * * LOW HITPOINT WARNING * * *
The orc closely misses you.
You barely miss the orc warrior. You slice the orc!!
You kill the orc!
Trog accepts your kill.
You closely miss the orc. You slash the orc warrior! You slice the orc!!
You kill the orc!
Trog accepts your kill.
The orc priest invokes the aid of Beogh against you.
Beogh smites you!
* * * LOW HITPOINT WARNING * * *
The orc warrior closely misses you.
The orc warrior hits you with a +0 dire flail.
* * * LOW HITPOINT WARNING * * *
The orc hits you but does no damage. The orc warrior barely misses you.
You furiously retaliate!
You headbutt the orc warrior!
The orc warrior hits you but does no damage.
The orc closely misses you.
You slice the orc warrior!!
The orc warrior is severely wounded.
You slash the orc!
You kill the orc!
Trog accepts your kill.
You slice the orc!!
You kill the orc!
Trog accepts your kill.
You hit the orc warrior but do no damage.
You hit the orc.
The orc warrior hits you with a +2 scimitar of electrocution.
* * * LOW HITPOINT WARNING * * *
The orc warrior hits you with a +0 dire flail.
* * * LOW HITPOINT WARNING * * *
The orc hits you but does no damage.
The orc warrior hits you but does no damage.
You are electrocuted!
You die...

.......#.)........#######........
.......###........# #......#+
+####### ######.### #<.....+ #.#
#......# #.## ###'##... #..#
#...# ### ##.# ####.#####
#####)### #........# # #.ooo@).#
#........# #


+..oooo$+ #........### #.$oo..?# #........##. #$......# #........##.
#.......#.#........#.. #.......#.(........#.# #.......###..........# #$...$..#
#........### #........# You could see 2 orc warriors, an orc priest and 6 orcs.

Vanquished Creatures
  A two-headed ogre (D:9)
  Pikel (D:6)
  The ghost of spardeous the Destroyer, a novice DgCj (D:8)
  A hornet (D:8)
  Prince Ribbit (D:9)
  A vampire (D:9)
  Sigmund (D:6)
  A wyvern (D:7)
  3 yaks (D:8)
  The ghost of gdog the Covert, an amateur GnDe (D:3)
  Menkaure (D:4)
  Duvessa (D:4)
  2 water moccasins
  3 ice beasts
  2 black bears (D:8)
  3 orc warriors (D:9)
  2 sky beasts
  An ogre (D:5)
  4 centaurs
  2 lemures (D:6)
  3 phantoms
  2 kobold brigands
  3 bullfrogs
  A scorpion (D:6)
  3 wights (D:9)
  Dowan (D:4)
  6 killer bees (D:6)
  A howler monkey (D:4)
  2 hounds (D:5)
  3 quasits (D:3)
  4 orc priests
  A jelly (D:6)
  Ijyb (D:4)
  A gnoll bouda (D:6)
  4 iguanas
  3 sleepcaps
  Natasha (thrice) (D:3)
  4 orc wizards
  5 gnolls (D:6)
  8 adders
  2 shadow imps
  An ufetubus (D:6)
  2 worms (D:4)
  A dart slug (D:1)
  46 orcs
  8 endoplasms
  3 giant cockroaches
  8 goblins
  6 hobgoblins
  A jackal (D:5)
  4 quokkas
  10 ball pythons
  5 bats
  5 frilled lizards
  16 kobolds
  5 rats
215 creatures vanquished.

Vanquished Creatures (collateral kills)
  A moth of wrath (D:8)
  A yak (D:8)
  2 water moccasins (D:8)
  An ice beast (D:8)
  A black bear (D:8)
6 creatures vanquished.

Vanquished Creatures (others)
  An orc warrior (D:8)
1 creature vanquished.

Grand Total: 222 creatures vanquished

Notes
Turn   | Place    | Note
-------+----------+-------------------------------------------
     0 | D:1      | Wiggles the Minotaur Berserker began the quest for the Orb.
     0 | D:1      | Reached XP level 1. HP: 19/19 MP: 0/0
   190 | D:1      | Reached XP level 2. HP: 27/27 MP: 1/1
   204 | D:1      | Reached skill level 4 in Axes
   838 | D:2      | Reached XP level 3. HP: 30/33 MP: 2/2
   900 | D:2      | Reached ** piety under Trog
  1287 | D:3      | Reached XP level 4. HP: 37/41 MP: 3/3
  1428 | D:3      | Noticed Natasha
  1431 | D:3      | Killed Natasha
  1432 | D:3      | Reached skill level 5 in Axes
  1548 | D:3      | Found an ancient bone altar of Kikubaaqudgha.
  1675 | D:3      | Found a hide-covered altar of Uskayaw.
  1745 | D:3      | Reached XP level 5. HP: 44/47 MP: 4/4
  1799 | D:3      | Found a transporter.
  1802 | D:3      | Noticed gdog's ghost (amateur GnDe)
  1817 | D:3      | Noticed Natasha
  1836 | D:3      | Killed Natasha
  2018 | D:3      | Found a transporter.
  2033 | D:3      | Noticed Natasha
  2039 | D:3      | Killed Natasha
  2074 | D:3      | Reached skill level 5 in Fighting
  2117 | D:3      | Found an iron altar of Okawaru.
  2489 | D:3      | Reached skill level 6 in Axes
  2489 | D:3      | Reached XP level 6. HP: 56/56 MP: 5/5
  2494 | D:3      | Killed gdog's ghost
  2504 | D:3      | Identified the ring of Reimbursement {Str+3 Dex+6}
  2590 | D:4      | Noticed Duvessa
  2590 | D:4      | Noticed Dowan
  2597 | D:4      | Killed Dowan
  2600 | D:4      | Killed Duvessa
  2601 | D:4      | Reached skill level 5 in Armour
  2601 | D:4      | Reached XP level 7. HP: 61/61 MP: 6/6
  2633 | D:4      | Noticed Menkaure
  2643 | D:4      | Killed Menkaure
  2644 | D:4      | Reached skill level 7 in Axes
  2883 | D:4      | Noticed Ijyb
  2888 | D:4      | Killed Ijyb
  3117 | D:4      | Found a snail-covered altar of Cheibriados.
  3357 | D:4      | Found Mexkenye's Jewellery Shop.
  3631 | D:5      | Entered Level 5 of the Dungeon
  3634 | D:5      | Reached *** piety under Trog
  3645 | D:5      | Reached XP level 8. HP: 70/70 MP: 7/7
  3737 | D:5      | Reached skill level 8 in Axes
  3943 | D:5      | Found Moduh's Armour Shoppe.
  3951 | D:5      | Bought a +0 pair of gloves for 49 gold pieces
  4912 | D:6      | Reached skill level 5 in Dodging
  4919 | D:6      | Reached skill level 9 in Axes
  4958 | D:6      | Found Qopelyp's Book Emporium.
  5043 | D:6      | Noticed Sigmund
  5056 | D:6      | Killed Sigmund
  5057 | D:6      | Reached skill level 10 in Axes
  5057 | D:6      | Reached XP level 9. HP: 64/78 MP: 8/8
  5109 | D:6      | Reached skill level 1 in Stealth
  5131 | D:6      | Noticed Pikel
  5140 | D:6      | Killed Pikel
  5308 | D:6      | Reached skill level 11 in Axes
  5791 | D:6      | Found a staircase to the Ecumenical Temple.
  6071 | D:7      | Found a stormy altar of Qazlal.
  6114 | D:7      | Reached **** piety under Trog
  6501 | D:7      | Found Razoc's Assorted Antiques.
  7164 | D:8      | Reached XP level 10. HP: 83/88 MP: 9/9
  7262 | D:8      | Found a transporter.
  7269 | D:8      | Noticed spardeous's ghost (novice DgCj)
  7270 | D:8      | Noticed a moth of wrath
  7279 | D:8      | Found a transporter.
  7315 | D:8      | HP: 2/88 [ice beast (12)]
  7317 | D:8      | Reached skill level 12 in Axes
  7317 | D:8      | Killed a moth of wrath
  7331 | D:8      | Killed spardeous's ghost
  7332 | D:8      | Reached skill level 10 in Armour
  7335 | D:8      | Identified the +1 cloak of the Land of Plenty {rN+ Will+}
  7619 | D:8      | Found an opulent altar of Gozag.
  7770 | D:8      | Found a staircase to the Lair.
  8092 | D:9      | Noticed a two-headed ogre
  8098 | D:9      | Killed a two-headed ogre
  8099 | D:9      | Reached skill level 13 in Axes
  8120 | D:9      | Found a burning altar of Makhleb.
  8145 | D:9      | Noticed Prince Ribbit
  8180 | D:9      | Killed Prince Ribbit
  8523 | D:9      | Found a basalt altar of Yredelemnul.
  8692 | D:9      | Reached XP level 11. HP: 99/99 MP: 10/10
  8698 | D:9      | Mangled by an orc warrior

Illustrated notes

Levels and vault maps discovered:
D:1:      co_arrival_random_square_maze, layout_loops_ring
D:2:      layout_basic
D:3:      layout_basic, nicolae_overflow_hidden_temple, lemuel_crystal_altar,
          general_overflow_altar, gammafunk_ghost_stat_death,
          minmay_misc_feat_roman, uniq_natasha
D:4:      layout_basic, cheibrodos_worm_habitat,
          minmay_shop_enchanted_jewellery, uniq_duvessa, uniq_ijyb,
          uniq_menkaure
D:5:      wad_crossroads, layout_layer_cave, serial_shops, shop,
          glass_columns_a, chequers_serial_rivers_small_3
D:6:      layout_cave_pools, lemuel_temple_firewalk_b, serial_shops,
          nicolae_shop_tiny_statue_garden, uniq_pikel, uniq_sigmund
D:7:      layout_basic, mainiacjoe_overflow_24_doors, serial_shops, shop,
          chequers_hall_statues_y, grunt_ministairs_15,
          hangedman_decor_diamond_cutter, roderic_roman_lattice
D:8:      layout_rooms, mainiacjoe_overflow_paths,
          grunt_lair_entry_orc_guard_hut, gammafunk_ghost_berserking_beasts,
          dk_noncrumbling_4
D:9:      layout_roguey [special_room_orc], lemuel_doored_altar,
          kennysheep_mini_moat, kennysheep_mini, uniq_prince_ribbit1

Skill      XL: |  1  2  3  4  5  6  7  8  9 10 |
---------------+-------------------------------+-----
Axes           | 4 5 6 7 10 11 13 | 13.4
Fighting       | 4 5 6 7 9 |  9.7
Armour         | 3 5 6 7 9 11 | 11.2
Dodging        | 3 4 5 |  5.6
Stealth        | 1 2 |  2.0

Action                     |  1- 3 |  4- 6 |  7- 9 | 10-12 || total
---------------------------+-------+-------+-------+-------++-------
  Melee: Hand axe          |    83 |    92 |   114 |       ||   289
         Headbutt          |     9 |    14 |    47 |    16 ||    86
         Punch             |     2 |     1 |     4 |       ||     7
         War axe           |       |       |   113 |    90 ||   203
 Invoke: Berserk           |     1 |     4 |     6 |     4 ||    15
         Trog's Hand       |       |       |     1 |       ||     1
         Brothers in Arms  |       |       |       |     2 ||     2
    Use: Scroll            |       |       |    17 |     1 ||    18
         Potion            |       |       |       |    10 ||    10
   Stab: Distracted        |       |       |       |     1 ||     1
 Armour: Ring mail         |    30 |    68 |    14 |       ||   112
         Chain mail        |       |       |    56 |       ||    56
         Scale mail        |       |       |     3 |       ||     3
         Plate armour      |       |       |    81 |   120 ||   201
  Dodge: Dodged            |    44 |    65 |   149 |   110 ||   368
